 Dungeon Crawl Stone Soup version 0.28.0 (webtiles) character file.

Game seed: 11926151048407042293

115788 Morbidden the Fighter (level 16, 0/124 HPs)
             Began as a Demonspawn Brigand on Feb 15, 2022.
             Was the Champion of Vehumet.
             Slain by a manticore (20 damage)
             ... on level 1 of the Shoals on Feb 16, 2022.
             The game lasted 01:06:50 (28054 turns).

Morbidden the Fighter (Demonspawn Brigand)         Turns: 28054, Time: 01:06:51

Health: 0/124      AC: 28    Str: 21    XL:     16   Next: 19%
Magic:  32/32      EV:  9    Int: 16    God:    Vehumet [******]
Gold:   2727       SH: 22    Dex: 15    Spells: 28/33 levels left

rFire   . . .      SeeInvis .   a - +8 autumn katana {vorpal, manifold assault}
rCold   + . .      Faith    .   Y - +1 tower shield {rC+}
rNeg    . . .      Spirit   .   e - +9 shadow dragon scales of Fud Otza {Harm Regen+ Str+3 Stlth++++}
rPois   +          Reflect  +   y - +1 helmet
rElec   +          Harm     +   c - +0 cloak
rCorr   .          Rampage  .   j - +1 pair of gloves
Will    +....                   (boots unavailable)
Stlth   +++++.....              X - amulet of reflection
HPRegen 1.10/turn               C - ring of poison resistance
MPRegen 0.23/turn               E - +4 ring of slaying

@: no status effects
A: hooves 3, powered by death 2, big brain 1, demonic magic 1, corrupting
presence 1, high MP 1, electricity resistance
a: Renounce Religion


You were on level 1 of the Shoals.
You worshipped Vehumet.
Vehumet was exalted by your worship.
You visited 6 branches of the dungeon, and saw 27 of its levels.
You also visited: Bailey, Gauntlet, Ice Cave and Volcano.

You collected 3030 gold pieces.
You spent 303 gold pieces at shops.

Inventory:

Hand Weapons
 a - the +8 autumn katana (weapon) {vorpal, manifold assault}
   (You found it in a Gauntlet)

   It sometimes launches melee attacks against multiple visible enemies.
 b - a +0 dagger of venom
 D - a +4 scimitar of flaming
Missiles
 d - 47 poisoned darts
 g - 2 throwing nets
 H - 7 curare-tipped darts
 I - 16 boomerangs (quivered)
 J - 3 javelins
 R - 10 silver javelins
Armour
 c - a +0 cloak (worn)
 e - the +9 shadow dragon scales of Fud Otza (worn) {Harm Regen+ Str+3 Stlth++++}
   (You found it in a bailey)

   Str:       It affects your strength (+3).
   Regen:     It increases your rate of health regeneration.
   Harm:      It increases damage dealt and taken.
   Stlth:     It makes you much more stealthy.
 j - a +1 pair of gloves (worn)
 u - a +2 kite shield of cold resistance
 v - the +2 cloak of the Thief {*Fog Slay-2 SInv Stlth+}
   (You found it in a bailey)

   It may release a thick cloud of smoke when the wearer is hurt.
   Slay:      It affects your accuracy & damage with ranged weapons and melee
   (-2).
   SInv:      It lets you see invisible.
   Stlth:     It makes you more stealthy.
 y - a +1 helmet (worn)
 Y - a +1 tower shield of cold resistance (worn)
Jewellery
 f - a +4 ring of evasion
 C - a ring of poison resistance (left hand)
 E - a +4 ring of slaying (right hand)
 N - a ring of resist corrosion
 X - an amulet of reflection (around neck)
Wands
 x - a wand of paralysis (9)
 B - a wand of digging (3)
 Q - a wand of flame (29)
 V - a wand of mindburst (6)
 W - a wand of iceblast (13)
 Z - a wand of acid (11)
Scrolls
 h - 11 scrolls of identify
 p - 8 scrolls of teleportation
 r - a scroll of silence
 s - 3 scrolls of magic mapping
 A - 2 scrolls of amnesia
 F - 4 scrolls of enchant weapon
 K - 2 scrolls of enchant armour
 T - a scroll of summoning
 U - 5 scrolls of blinking
Potions
 i - 4 potions of heal wounds
 k - 6 potions of haste
 l - 11 potions of ambrosia
 n - 5 potions of mutation
 o - 2 potions of brilliance
 q - 6 potions of cancellation
 t - a potion of invisibility
 w - 4 potions of flight
 z - 8 potions of curing
 G - 2 potions of attraction
 L - 2 potions of magic
 M - 3 potions of lignification
 P - 3 potions of resistance
 S - a potion of berserk rage
Miscellaneous
 m - a phantom mirror


   Skills:
 * Level 10.7 Fighting
 + Level 10.3(11.2) Short Blades
 * Level 7.3(9.9) Long Blades
 + Level 3.5 Throwing
 + Level 8.2 Armour
 * Level 9.8 Dodging
 + Level 8.5 Stealth
 + Level 9.8 Shields
 * Level 9.3 Spellcasting
 * Level 9.0 Conjurations
 * Level 7.2 Air Magic
 + Level 1.6 Evocations


You had 28 spell levels left.
You knew the following spells:

 Your Spells              Type           Power      Damage    Failure   Level
a - Magic Dart            Conj           100%       1d8       3%          1
b - Airstrike             Air            15%        N/A       47%         4

Your spell library contained the following spells:

 Spells                   Type           Power      Damage    Failure   Level
 Fireball                 Conj/Fire      11%        3d7       98%         5
 Static Discharge         Conj/Air       33%        N/A       7%          2
 Iskenderun's Battlesphe  Conj           36%        2d9       56%         5
 Lightning Bolt           Conj/Air       16%        1d30      69%         5
 Frozen Ramparts          Ice            14%        1d3       95%         3
 Summon Small Mammal      Summ           28%        N/A       99%         1
 Call Canine Familiar     Summ           7%         N/A       100%        3
 Gell's Gravitas          Tloc           7%         N/A       100%        3
 Lesser Beckoning         Tloc           7%         N/A       100%        3
 Portal Projectile        Hex/Tloc       14%        N/A       100%        3
 Summon Guardian Golem    Hex/Summ       7%         N/A       100%        3
 Teleport Other           Tloc           7%         N/A       100%        3
 Tukima's Dance           Hex            7%         N/A       100%        3
 Anguish                  Hex/Necr       3%         N/A       100%        4
 Animate Armour           Summ/Erth      14%        N/A       100%        4
 Animate Dead             Necr           3%         N/A       100%        4
 Leda's Liquefaction      Hex/Erth       3%         N/A       100%        4
 Summon Ice Beast         Ice/Summ       7%         N/A       100%        4
 Alistair's Intoxication  Tmut/Pois      4%         N/A       100%        5
 Blade Hands              Tmut           3%         N/A       100%        5
 Borgnjor's Vile Clutch   Necr/Erth      3%         N/A       100%        5
 Dispersal                Tloc           3%         N/A       100%        6
 Eringya's Noxious Bog    Tmut/Pois      3%         N/A       100%        6
 Iron Shot                Conj/Erth      11%        9d3       100%        6
 Enfeeble                 Hex            3%         N/A       100%        7
 Haunt                    Necr/Summ      3%         N/A       100%        7
 Orb of Destruction       Conj           18%        9d8       100%        7
 Infestation              Necr           3%         N/A       100%        8
 Maxwell's Capacitive Co  Air            15%        ∞         100%        8


Dungeon Overview and Level Annotations

Branches:
Dungeon (15/15)            Temple (1/1) D:6            Lair (6/6) D:9
 Shoals (1/4) Lair:4       Spider (2/4) Lair:2        Slime (0/5) Lair:5
    Orc (2/2) D:9             Elf (0/3) Orc:2        Vaults (0/5) D:13
 Depths (0/4) D:15         Bailey (visited)           IceCv (visited)
Volcano (visited)         Gauntlet (visited)

Altars:
Ashenzari
Cheibriados
Dithmenos
Elyvilon
Fedhas
Gozag
Hepliaklqana
Kikubaaqudgha
Makhleb
Nemelex Xobeh
Okawaru
Qazlal
Ru
Sif Muna
Trog
Uskayaw
Vehumet
Wu Jian
Xom
Yredelemnul
Zin
The Shining One

Shops:
D:5 (![   D:7 *   D:13 [   D:15 (   Orc:2 ([=*

Annotations:
D:2 1 runed translucent door, Crazy Yiuf
D:11 3 runed translucent doors, aoei's ghost, novice MiBe


Innate Abilities, Weirdness & Mutations

You have hooves in place of feet.
You regenerate health from kills.
You have an unusually large brain. (Int +2)
Spells you cast may paralyse adjacent enemies.
Your presence sometimes corrodes those you injure.
You have an increased reservoir of magic. (+10% MP)
You are resistant to electric shocks. (rElec)


Message History

You block the harpy's attack. The harpy barely misses you.
The manticore bites you.
* * * LOW HITPOINT WARNING * * *
The manticore claws you but does no damage.
You block the manticore's attack.
Unknown command.
Unknown command.
You slash the manticore! Your kick misses the manticore.
The manticore is moderately wounded.
You carefully extract the barbed spikes from your body.
You block the harpy's attack. x2; The harpy claws you!
* * * LOW HITPOINT WARNING * * *
You block the harpy's attack. The harpy claws you but does no damage.
The harpy closely misses you.
The snapping turtle bites you but does no damage.
The manticore bites you but does no damage.
The manticore barely misses you.
The manticore claws you but does no damage.
Unknown command.
Unknown command.
Unknown command.
Unknown command.
Unknown command.
Unknown command.
Unknown command.
Unknown command.
Unknown command.
You slash the harpy!
You slice through the folds of space itself!
You slash the harpy! You hit the harpy.
You hit the snapping turtle but do no damage.
You hit the manticore. Your kick misses the harpy.
The harpy is almost dead.
You block the harpy's attack. x2; The harpy claws you but does no damage.
The harpy claws you.
* * * LOW HITPOINT WARNING * * *
You block the harpy's attack. The harpy claws you but does no damage.
The snapping turtle bites you but does no damage.
The harpy claws you but does no damage. x2; The manticore bites you!
You die...

#$............
###≈............
##≈≈.............
#≈≈..............
≈≈...............
≈../.............
≈.....(..........
≈≈..≈.†H.H..#
!≈≈≈≈.H@....#
.≈≈...H≈....#
≈≈≈...t......≈≈≈
.≈≈...#......≈≈≈
..≈≈........≈≈≈≈≈
..≈≈........≈≈≈≈≈
≈≈≈≈..≈≈.....≈≈≈≈
≈..≈≈≈≈.........


You could see a snapping turtle, a manticore and 3 harpies.

Vanquished Creatures
  Gastronok (Lair:3)
  A frost giant (IceCv)
  An orc warlord (Orc:1)
  A stone giant (D:15)
  Azrael (Spider:1)
  2 entropy weavers (Spider:1)
  Nessos (Orc:2)
  A minotaur (Gauntlet)
  A fire dragon (Volcano)
  7 hydras
  4 boulder beetles
  Harold (D:8)
  Erolcha (D:10)
  A jorogumo (Spider:1)
  4 centaur warriors
  A death scarab (Gauntlet)
  2 tengu warriors (D:15)
  5 two-headed ogres
  2 thrashing horrors (Lair:6)
  10 death yaks
  2 orc high priests (Orc:1)
  Sonja (Orc:1)
  An iron troll (D:13)
  A wretched star (Gauntlet)
  4 skeletal warriors (D:11)
  A sea snake (Shoals:1)
  A lindwurm (Volcano)
  A spectral hydra (Gauntlet)
  A steelbarb worm (Spider:1)
  2 necromancers
  8 orc knights
  A swamp dragon (D:13)
  A deep elf pyromancer (D:13)
  A wolf spider (Spider:1)
  7 ugly things
  3 orc sorcerers
  3 manticores
  2 will-o-the-wisps (D:13)
  A moth of wrath (shapeshifter) (Lair:6)
  Maurice (D:8)
  8 elephants
  6 cyclopes
  An ice statue (IceCv)
  3 black mambas
  A torpor snail (Lair:4)
  A molten gargoyle (Volcano)
  A freezing wraith (D:15)
  9 cane toads
  4 efreet
  2 unseen horrors
  A smoke demon (Lair:6)
  2 kobold demonologists (D:12)
  3 demonic crawlers (Spider:1)
  6 rime drakes
  7 komodo dragons
  An ancient zyme (Lair:6)
  4 trolls
  A polar bear (shapeshifter) (D:15)
  A hornet (D:7)
  6 meliai (Spider:1)
  A queen bee (Lair:1)
  16 polar bears
  2 wind drakes (shapeshifter)
  Grinder (D:3)
  6 tarantellas (Spider:1)
  A raiju (shapeshifter) (D:13)
  16 blink frogs
  7 slime creatures
  13 dream sheep
  6 jumping spiders (Spider:1)
  Sigmund (D:3)
  4 shadows
  A culicivora (Spider:1)
  4 wraiths
  50 yaks
  A culicivora (shapeshifter) (D:14)
  3 wyverns
  9 fire bats (Volcano)
  A yak (shapeshifter) (D:13)
  2 ynoxinuls (Lair:6)
  13 redbacks
  5 basilisks
  A basilisk (shapeshifter) (D:14)
  A hog (shapeshifter) (Lair:6)
  4 steam dragons
  8 vampire mosquitoes
  3 neqoxecs (Gauntlet)
  10 small abominations (Lair:6)
  A chaos spawn (Lair:6)
  6 wargs
  10 water moccasins
  3 acid dragons
  6 hell hounds
  3 ice beasts
  A hornet zombie (D:7)
  34 orc warriors
  4 black bears
  5 necrophages
  5 ogres
  24 centaurs
  20 wolves
  A phantom (D:4)
  3 kobold brigands
  7 bullfrogs
  A gnoll sergeant (D:7)
  6 scorpions
  A water moccasin zombie (D:6)
  2 water moccasin skeletons
  33 killer bees
  A wight (D:7)
  2 electric eels (D:6)
  3 howler monkeys (D:10)
  6 lava snakes (Volcano)
  10 centaur zombies
  A human zombie (D:7)
  A bullfrog zombie (D:7)
  13 jellies
  4 orc priests
  3 gnoll shamans (D:7)
  6 hounds
  3 iron imps (D:13)
  Ijyb (D:5)
  Jessica (D:3)
  3 centaur skeletons
  2 iguanas
  16 orc wizards
  A killer bee zombie (D:7)
  2 hound skeletons
  A mummy (D:7)
  14 gnolls
  8 adders
  2 shadow imps
  3 white imps
  4 dart slugs
  A worm (D:3)
  61 orcs
  4 bats
  6 endoplasms
  5 giant cockroaches
  16 hobgoblins
  9 jackals
  6 quokkas
  6 ball pythons
  3 frilled lizards
  7 goblins
  32 kobolds
  4 rats (D:2)
796 creatures vanquished.

Vanquished Creatures (collateral kills)
  A hydra (D:14)
  A komodo dragon (Lair:6)
  2 yaks (Lair:6)
4 creatures vanquished.

Vanquished Creatures (others)
  A redback (Spider:1)
  An orc warrior (Orc:2)
  A kobold brigand (D:12)
  10 foxfires (D:14)
  15 fungi
  17 plants
45 creatures vanquished.

Grand Total: 845 creatures vanquished

Notes
Turn   | Place    | Note
-------+----------+-------------------------------------------
     0 | D:1      | Morbidden the Demonspawn Brigand began the quest for the
                  | Orb.
     0 | D:1      | Reached XP level 1. HP: 16/16 MP: 1/1
   131 | D:1      | Gained mutation: You have large cloven feet. [demonic
                  | ancestry]
   131 | D:1      | Reached XP level 2. HP: 17/22 MP: 2/2
   316 | D:1      | Reached skill level 1 in Dodging
   361 | D:1      | Found a faded altar of an unknown god.
   619 | D:1      | Gained mutation: You have hoof-like feet. [demonic
                  | ancestry]
   619 | D:1      | Reached XP level 3. HP: 28/28 MP: 3/3
  1640 | D:2      | Gained mutation: You have hooves in place of feet. [demonic
                  | ancestry]
  1640 | D:2      | Reached XP level 4. HP: 34/34 MP: 4/4
  1680 | D:2      | Found a runed translucent door.
  1681 | D:2      | Noticed Crazy Yiuf
  2001 | D:3      | Noticed Sigmund
  2009 | D:3      | Killed Sigmund
  2010 | D:3      | Gained mutation: You have an unusually large brain. (Int
                  | +2) [demonic ancestry]
  2010 | D:3      | Reached XP level 5. HP: 17/41 MP: 5/5
  2315 | D:3      | Noticed Grinder
  2339 | D:3      | Killed Grinder
  2340 | D:3      | Reached XP level 6. HP: 36/47 MP: 6/6
  2582 | D:3      | Noticed Jessica
  2585 | D:3      | Killed Jessica
  2586 | D:3      | Reached skill level 5 in Stealth
  3183 | D:4      | Got Vehumet's Tome of Attacks
  3454 | D:4      | Reached XP level 7. HP: 15/52 MP: 7/7
  3740 | D:4      | Reached skill level 1 in Shields
  4065 | D:4      | Reached skill level 1 in Spellcasting
  4679 | D:5      | Entered Level 5 of the Dungeon
  4679 | D:5      | Found a sparkling altar of Nemelex Xobeh.
  4776 | D:5      | Reached skill level 5 in Short Blades
  4908 | D:5      | Found Fafomob's Antique Weapon Shoppe.
  4959 | D:5      | Reached skill level 1 in Armour
  4959 | D:5      | Reached XP level 8. HP: 60/60 MP: 10/10
  5355 | D:5      | Noticed Ijyb
  5372 | D:5      | Killed Ijyb
  5508 | D:5      | Found Fulov's Distillery.
  5526 | D:5      | Bought a potion of heal wounds for 55 gold pieces
  5526 | D:5      | Bought a potion of heal wounds for 55 gold pieces
  5526 | D:5      | Bought a potion of curing for 33 gold pieces
  5526 | D:5      | Bought a potion of berserk rage for 55 gold pieces
  5681 | D:5      | Found Jiumihask's Armour Emporium.
  5813 | D:5      | Found a hide-covered altar of Uskayaw.
  5949 | D:5      | Found a sacrificial altar of Ru.
  5958 | D:5      | Found a bloodstained altar of Trog.
  6472 | D:6      | Reached XP level 9. HP: 48/67 MP: 13/13
  7205 | D:6      | Found a staircase to the Ecumenical Temple.
  7223 | Temple   | Entered the Ecumenical Temple
  7315 | Temple   | Became a worshipper of Vehumet
  7639 | D:7      | Found a basalt altar of Yredelemnul.
  7658 | D:7      | Reached skill level 5 in Fighting
  7691 | D:7      | Found Ikhlidd's Elemental Accessories.
  7892 | D:7      | Found a flagged portal.
  7933 | Bailey   | Entered a bailey
  8216 | Bailey   | Noticed an orc knight
  8216 | Bailey   | Noticed an orc knight
  8350 | Bailey   | Identified the +9 shadow dragon scales of Fud Otza {Harm
                  | Regen+ Str+3 Stlth++++}
  8386 | Bailey   | Reached * piety under Vehumet
  8386 | Bailey   | Offered knowledge of Magic Dart by Vehumet.
  8397 | Bailey   | Learned a level 1 spell: Magic Dart
  8633 | Bailey   | Reached skill level 1 in Conjurations
  8694 | Bailey   | Killed an orc knight
  8695 | Bailey   | Reached skill level 5 in Dodging
  8695 | Bailey   | Reached skill level 1 in Evocations
  9016 | Bailey   | Found the +2 cloak of the Thief {*Fog Slay-2 SInv Stlth+}
  9043 | Bailey   | Noticed a komodo dragon
  9043 | Bailey   | an orc knight changed into a komodo dragon
  9078 | Bailey   | Killed a komodo dragon
  9728 | D:7      | Gained mutation: You regenerate a little health from kills.
                  | [demonic ancestry]
  9728 | D:7      | Reached XP level 10. HP: 73/74 MP: 16/16
 10262 | D:7      | Reached ** piety under Vehumet
 10262 | D:7      | Offered knowledge of Poisonous Vapours by Vehumet.
 10647 | D:8      | Noticed an eight-headed hydra
 10672 | D:8      | Killed an eight-headed hydra
 10785 | D:8      | Noticed Maurice
 10793 | D:8      | Noticed Harold
 10842 | D:8      | Killed Harold
 10853 | D:8      | Killed Maurice
 10922 | D:8      | Found a snail-covered altar of Cheibriados.
 10982 | D:8      | Offered knowledge of Frozen Ramparts by Vehumet.
 11296 | D:9      | Reached XP level 11. HP: 77/83 MP: 18/18
 11337 | D:9      | Reached skill level 5 in Spellcasting
 11423 | D:9      | Reached *** piety under Vehumet
 11447 | D:9      | Found a staircase to the Lair.
 11804 | D:9      | Found a staircase to the Orcish Mines.
 11826 | D:9      | Offered knowledge of Olgreb's Toxic Radiance by Vehumet.
 11907 | D:9      | Reached skill level 5 in Armour
 12393 | Lair:1   | Entered Level 1 of the Lair of Beasts
 12454 | Lair:1   | Noticed an eight-headed hydra
 12454 | Lair:1   | Noticed an eight-headed hydra
 12455 | Lair:1   | Killed an eight-headed hydra
 12465 | Lair:1   | Killed an eight-headed hydra
 12769 | Lair:1   | Reached skill level 5 in Shields
 12995 | Lair:1   | Reached **** piety under Vehumet
 12996 | Lair:1   | Reached skill level 5 in Conjurations
 13036 | Lair:1   | Offered knowledge of Airstrike by Vehumet.
 13097 | Lair:1   | Learned a level 4 spell: Airstrike
 13376 | Lair:2   | Found a hole to the Spider Nest.
 13817 | Lair:2   | Gained mutation: You regenerate health from kills. [demonic
                  | ancestry]
 13817 | Lair:2   | Reached XP level 12. HP: 66/92 MP: 20/20
 13833 | Lair:2   | Reached skill level 1 in Air Magic
 14332 | Lair:3   | Noticed Gastronok
 14335 | Lair:3   | Reached ***** piety under Vehumet
 14339 | Lair:3   | Offered knowledge of Ozocubu's Refrigeration by Vehumet.
 14352 | Lair:3   | Killed Gastronok
 14468 | Lair:3   | Noticed a four-headed hydra
 14480 | Lair:3   | Killed a four-headed hydra
 15064 | Lair:4   | Found a dark tunnel.
 15072 | Volcano  | Entered a volcano
 15213 | Volcano  | Noticed a fire dragon
 15219 | Volcano  | Found a bloodstained altar of Trog.
 15252 | Volcano  | Killed a fire dragon
 15258 | Volcano  | Identified the +5 falchion of Massacring {vorpal, rPois
                  | Will+ Int-5}
 15708 | Lair:4   | Gained mutation: Your presence sometimes corrodes those you
                  | injure. [demonic ancestry]
 15708 | Lair:4   | Reached XP level 13. HP: 37/99 MP: 23/23
 15937 | Lair:4   | Found a staircase to the Shoals.
 16399 | Lair:4   | You fall into a shaft and drop 1 floor!
 16800 | Lair:5   | Found a staircase to the Slime Pits.
 17037 | Lair:6   | Entered Level 6 of the Lair of Beasts
 17111 | Lair:6   | Offered knowledge of Lee's Rapid Deconstruction by Vehumet.
 17341 | Lair:6   | Found a frozen archway.
 17353 | IceCv    | Entered an ice cave
 17921 | IceCv    | Noticed a frost giant
 18221 | IceCv    | Killed a frost giant
 18222 | IceCv    | Reached XP level 14. HP: 61/108 MP: 25/25
 18273 | IceCv    | Identified the +2 pair of boots "Tasofoawaung" {Str+7 Int+4
                  | Slay-6 Stlth+}
 18301 | IceCv    | Got the Handbook of Ice
 18436 | Lair:6   | Reached skill level 5 in Air Magic
 18548 | Lair:6   | Reached skill level 10 in Short Blades
 18657 | Lair:6   | Offered knowledge of Irradiate by Vehumet.
 19993 | D:10     | Entered Level 10 of the Dungeon
 20045 | D:10     | Noticed Erolcha
 20053 | D:10     | Killed Erolcha
 20875 | D:11     | Found a gate leading to a gauntlet.
 20893 | Gauntlet | Entered a Gauntlet
 20893 | Gauntlet | Found a transporter.
 20893 | Gauntlet | Found a transporter.
 20901 | Gauntlet | Found a transporter.
 20905 | Gauntlet | Found a transporter.
 20913 | Gauntlet | Found a transporter.
 20917 | Gauntlet | Found a transporter.
 20921 | Gauntlet | Found a runed translucent door.
 20923 | Gauntlet | Found a runed translucent door.
 20925 | Gauntlet | Found a transporter.
 20939 | Gauntlet | Found the +8 autumn katana {vorpal, manifold assault}
 20940 | Gauntlet | Found a runed translucent gate.
 20941 | Gauntlet | Found a transporter.
 20941 | Gauntlet | Found a runed translucent gate.
 20942 | Gauntlet | Found a runed translucent gate.
 20955 | Gauntlet | Found a transporter.
 20995 | Gauntlet | Found a transporter.
 21006 | Gauntlet | Found a transporter.
 21007 | Gauntlet | Found a transporter.
 21245 | Gauntlet | Identified the +2 pair of boots of Yshy {+Inv rElec rC+}
 21258 | Gauntlet | Gained mutation: You are dopey. (Int -2) [a neqoxec]
 21261 | Gauntlet | Gained mutation: You are clumsy. (Dex -2) [a neqoxec]
 21263 | Gauntlet | Gained mutation: You are frail. (-10% HP) [a neqoxec]
 21282 | Gauntlet | Lost mutation: You are frail. (-10% HP) [potion of
                  | mutation]
 21282 | Gauntlet | Lost mutation: You are clumsy. (Dex -2) [potion of
                  | mutation]
 21282 | Gauntlet | Gained mutation: You have a beak for a mouth. [potion of
                  | mutation]
 21283 | Gauntlet | Lost mutation: You have a beak for a mouth. [potion of
                  | mutation]
 21283 | Gauntlet | Lost mutation: You are dopey. (Int -2) [potion of mutation]
 21283 | Gauntlet | Gained mutation: You are frail. (-10% HP) [potion of
                  | mutation]
 21284 | Gauntlet | Lost mutation: You are frail. (-10% HP) [potion of
                  | mutation]
 21284 | Gauntlet | Gained mutation: You have an increased reservoir of magic.
                  | (+10% MP) [potion of mutation]
 21284 | Gauntlet | Gained mutation: You are resistant to electric shocks.
                  | (rElec) [potion of mutation]
 21515 | D:11     | Reached skill level 1 in Long Blades
 21742 | D:11     | Found a runed translucent gate.
 21742 | D:11     | Found a runed translucent gate.
 21742 | D:11     | Found a runed translucent gate.
 21749 | D:11     | Noticed aoei's ghost (novice MiBe)
 22133 | D:12     | Reached skill level 10 in Fighting
 22148 | D:12     | Gained mutation: Spells you cast may paralyse adjacent
                  | enemies. [demonic ancestry]
 22148 | D:12     | Reached XP level 15. HP: 115/115 MP: 30/30
 22280 | D:12     | Reached ****** piety under Vehumet
 22348 | D:12     | Offered knowledge of Starburst by Vehumet.
 22752 | D:12     | Found an iron altar of Okawaru.
 23048 | D:13     | Found Nyamop's Armour Boutique.
 23137 | D:13     | Found a burning altar of Makhleb.
 23681 | D:13     | Identified the +1 leather armour of Aweamaj {Harm Will+
                  | Int+4 SInv}
 23765 | D:13     | Found a gate to the Vaults.
 23846 | D:14     | Identified the +7 whip of the Valley {antimagic, rCorr
                  | Dex+7}
 24500 | D:14     | Found a shimmering altar of Xom.
 24657 | D:14     | Reached skill level 5 in Long Blades
 24918 | D:15     | Entered Level 15 of the Dungeon
 25019 | D:15     | Found Zeemucs's Antique Weapon Emporium.
 25324 | D:15     | Found a staircase to the Depths.
 25574 | Orc:1    | Entered Level 1 of the Orcish Mines
 25574 | Orc:1    | Noticed Sonja
 25580 | Orc:1    | Killed Sonja
 25745 | Orc:2    | Entered Level 2 of the Orcish Mines
 25768 | Orc:2    | Noticed an orc warlord
 25864 | Orc:1    | Killed an orc warlord
 25918 | Orc:2    | Noticed Nessos
 25926 | Orc:2    | Killed Nessos
 25988 | Orc:2    | Found Jucuvag's Antique Armour Emporium.
 26089 | Orc:2    | Found Bool's General Store.
 26097 | Orc:2    | Bought a scroll of blinking for 75 gold pieces
 26097 | Orc:2    | Bought a scroll of teleportation for 30 gold pieces
 26176 | Orc:2    | Found Nestibbe's Jewellery Boutique.
 26320 | Orc:2    | Found Yseof's Antique Weapon Shop.
 26330 | Orc:2    | Offered knowledge of Fireball by Vehumet.
 26339 | Orc:2    | Found a staircase to the Elven Halls.
 26996 | Spider:1 | Entered Level 1 of the Spider Nest
 27181 | Spider:1 | Reached XP level 16. HP: 123/124 MP: 32/32
 27279 | Spider:1 | Identified the +6 flail "Killer Bee's Curse" {protect,
                  | rPois rC+ Dex-3 SInv}
 27315 | Spider:1 | Noticed Azrael
 27330 | Spider:1 | Killed Azrael
 28024 | Shoals:1 | Entered Level 1 of the Shoals
 28054 | Shoals:1 | Slain by a manticore

Illustrated notes

Levels and vault maps discovered:
D:1:      psy_arrival_whirlpool, layout_basic, chequers_ecumenical_altar_simple,
          feat_on_display
D:2:      layout_basic, chequers_serial_rivers_small_b,
          kennysheep_generic_room_13, uniq_crazy_yiuf_cottage
D:3:      layout_basic, uniq_sigmund, uniq_grinder, uniq_jessica
D:4:      kennysheep_six_static_rooms, layout_loops_corners,
          small_statue_intersection
D:5:      layout_basic, amcnicky_altar_gilded, general_overflow_altar,
          mainiacjoe_overflow_swirl, serial_shops, kennysheep_little_box,
          nicolae_shop_overgrown_old_shop, shop, grunt_decor_arrowhead,
          uniq_ijyb
D:6:      layout_cave_pods, temple_fountains, kennysheep_cluttered_room,
          chequers_garden, grunt_decor_one_mirror, supply_closet_lemuel
D:7:      kennysheep_housing_project, layout_loops_cross,
          lemuel_mausoleum_altar_yredelemnul, enter_bailey_7,
          nicolae_elemental_shop
D:8:      layout_rooms, lemuel_doored_altar, uniq_harold, uniq_maurice
D:9:      layout_stronghold, david_lair_generic, orc_0_dummy
D:10:     layout_roguey, minmay_puff, uniq_erolcha
D:11:     layout_long_grid, gammafunk_ghost_nasty_kobolds,
          gauntlet_entry_generic
D:12:     layout_irregular_city, okawaru_metal_pillars_1_2
D:13:     layout_irregular_city, david_vaults_4, serial_shops,
          kennysheep_mini_moat, demons_altar
D:14:     layout_cross, xom_teletrap_fun, pond
D:15:     grunt_enter_depths_snipers, layout_rooms, minmay_misc_feat_diagonals,
          serial_shops, shop, minivault_16
Temple:   lightli_temple_of_artemis
Lair:1:   layout_roguey [special_room_bee]
Lair:2:   layout_concentric_octagons, spider_nest_entry_webs, grunt_megastairs_2
Lair:3:   layout_gridlike, grunt_megastairs_3, uniq_gastronok
Lair:4:   layout_layer_cave, shoals_dummy_entry, enter_volcano_2
Lair:5:   layout_gridlike, minmay_slime_entry_jelly_boxes
Lair:6:   hellmonk_lair_end_abyssal_woods, layout_misc_corridors,
          portal_ice_cave_rime, chequers_serial_rivers_room_a
Shoals:1: layout_shoals, lemuel_altar_in_water,
          nicolae_shoals_kraken_intersection
Spider:1: layout_spider_delve, uniq_azrael
Spider:2: nicolae_spider_mines_3
Orc:1:    layout_caves, uniq_sonja
Orc:2:    grunt_orc_gardens, layout_caves, grunt_orc_garden, grunt_orc_garden,
          grunt_orc_garden, grunt_orc_garden, uniq_nessos

Skill      XL: |  1  2  3  4  5  6  7  8  9 10 11 12 13 14 15 16 |
---------------+-------------------------------------------------+-----
Stealth        | 4 5 6 7 8 |  8.5
Dodging        | 1 2 3 4 5 6 7 8 9 |  9.8
Short Blades   | 2 3 4 5 6 7 8 9 10 | 10.3
Fighting       | 3 4 5 6 7 8 9 10 | 10.7
Shields        | 1 2 4 5 6 7 9 |  9.8
Spellcasting   | 1 2 4 5 6 7 8 9 |  9.3
Armour         | 1 2 4 5 6 7 8 |  8.2
Throwing       | 2 3 |  3.5
Conjurations   | 2 3 5 6 7 8 9 |  9.0
Evocations     | 1 |  1.6
Air Magic      | 3 4 6 7 |  7.2
Long Blades    | 2 6 7 |  7.3

Action                   |  1- 3 |  4- 6 |  7- 9 | 10-12 | 13-15 | 16-18 || total
-------------------------+-------+-------+-------+-------+-------+-------++-------
Melee: Dagger            |   115 |    86 |   423 |   813 |   974 |       ||  2411
       Kick              |    12 |    25 |   178 |   347 |   650 |    29 ||  1241
       Katana            |       |       |       |       |   577 |   114 ||   691
Throw: Dart              |       |       |    25 |       |    15 |       ||    40
       Boomerang         |       |       |       |    14 |     3 |     6 ||    23
 Cast: Magic Dart        |       |       |       |       |    17 |     5 ||    22
Evoke: Wand              |       |     8 |     6 |     1 |     3 |     1 ||    19
       Phantom mirror    |       |       |       |       |     2 |       ||     2
  Use: Potion            |       |     1 |     2 |     7 |    12 |     1 ||    23
       Scroll            |       |       |    10 |     5 |    14 |     1 ||    30
 Stab: Sleeping          |     9 |     5 |    10 |    35 |    44 |       ||   103
       Distracted        |     1 |       |       |       |     5 |     2 ||     8
       Invisible         |       |       |       |     1 |       |       ||     1
       Petrified         |       |       |       |       |     1 |       ||     1
       Paralysed         |       |       |       |       |     1 |       ||     1
Armor: Robe              |    25 |    15 |     7 |       |       |       ||    47
       Scale mail        |       |       |    89 |       |       |       ||    89
       Shadow dragon sca |       |       |    26 |   475 |   829 |    91 ||  1421
       Chain mail        |       |       |    13 |       |       |       ||    13
Dodge: Dodged            |    74 |    30 |   141 |   249 |   478 |    45 ||  1017
Block: Buckler           |    10 |    15 |    64 |       |       |       ||    89
       Kite shield       |       |       |    52 |   425 |   204 |       ||   681
       Tower shield      |       |       |       |       |  1569 |   175 ||  1744
       Reflection        |       |       |       |       |    47 |     1 ||    48
